Map: Port Aleksander LE

Players

Leandoer

  • Race: Zerg Zerg
  • Spawn Location: 5:00

BratOK (Brat_OK) - Winner!

  • Race: Terran Terran
  • Spawn Location: 11:00

Event: 2019 WCS Spring

VOD

Have the link to the VOD?

Description

Time

  • Played on: May 17, 2019, 8:08 a.m.
  • Length: 5:31

All games in this series

Show
View Real Time Build Order
Export as new Build Order

Leandoer Zerg 

Build Orders: Hatch First 

Get SALT Encoding   

  12  0:00  Drone  
  13  0:13  Overlord  
  13  0:18  Drone  
  14  0:32  Drone x2  
  16  0:52  Hatchery  
  16  0:54  Drone  
  17  0:57  Drone  
  17  1:01  Drone  
  18  1:10  Extractor  
  17  1:17  Spawning Pool  
  16  1:21  Drone  
  16  1:23  Drone  
  18  1:30  Drone  
  20  1:40  Drone  
  20  1:44  Evolution Chamber  
  19  1:56  Drone  
  20  2:03  Queen x2  
  20  2:05  Zergling x2  
  20  2:06  Zergling x2  
  26  2:15  Zerg Melee Weapons Level 1  
  26  2:19  Overlord  
  26  2:22  Drone  
  27  2:26  Drone  
  28  2:38  Drone x3  
  31  2:49  Metabolic Boost  
  30  3:08  Drone x4  
  30  3:11  Drone  
  35  3:14  Drone  
  35  3:16  Hatchery  
  35  3:20  Drone  
  35  3:23  Overlord  
  35  3:31  Drone  
  36  3:49  Spore Crawler, Drone  
  36  3:50  Drone x2  
  36  3:52  Baneling Nest  
  36  3:54  Zergling x10  
  43  4:06  Zergling x2  
  43  4:07  Zergling x2  
  44  4:15  Zergling x4  
  39  4:24  Drone x5  
  30  4:29  Zergling x8  
  38  4:33  Zergling x4  
  40  4:40  Baneling x2  
  40  4:41  Baneling x4  
  40  4:42  Overlord  
  40  4:45  Zergling x4  
  43  4:52  Zergling x2  
  43  4:55  Zergling x4  
  43  4:58  Zergling x6  
  48  5:01  Zergling x2  
Show
View Real Time Build Order
Export as new Build Order

BratOK Terran - Winner!

Build Orders: Gas First Reaper Expand, Liberator Opening 

Get SALT Encoding   

  12  0:00  SCV  
  13  0:13  SCV  
  14  0:18  Supply Depot  
  14  0:25  SCV  
  15  0:28  Refinery  
  15  0:39  SCV  
  16  0:45  Barracks  
  16  0:51  SCV  
  17  1:03  SCV  
  18  1:15  SCV  
  19  1:32  Reaper, Orbital Command  
  20  1:45  Command Center  
  20  1:56  Factory  
  20  1:59  SCV  
  21  2:06  Refinery  
  21  2:09  Barracks Reactor  
  21  2:11  SCV  
  22  2:18  Supply Depot  
  22  2:24  SCV  
  23  2:40  SCV  
  24  2:49  Starport  
  24  2:52  SCV  
  25  3:00  Hellion x2  
  25  3:04  SCV  
  30  3:11  Orbital Command  
  30  3:12  Liberator  
  30  3:16  SCV  
  31  3:22  Hellion x2  
  35  3:32  SCV  
  39  3:36  Supply Depot  
  39  3:38  SCV  
  40  3:43  Hellion  
  44  3:48  Hellion  
  44  3:49  SCV  
  45  3:56  SCV  
  45  3:58  Supply Depot  
  45  4:02  SCV  
  47  4:05  Hellion  
  47  4:08  SCV  
  52  4:10  Hellion  
  52  4:15  SCV  
  52  4:20  SCV  
  50  4:26  Viking  
  50  4:27  Hellion  
  50  4:29  Supply Depot  
  50  4:30  SCV  
  50  4:32  Hellion  
  50  4:34  Barracks Tech Lab  
  50  4:36  SCV  
  53  4:44  SCV  
  54  4:48  Hellion  
  56  4:53  Command Center  
  56  4:54  Hellion  
  56  4:57  Supply Depot  
  58  5:05  SCV x2  
  63  5:09  Supply Depot  
Tags
 
Add a new tag
Caveats
  • Supply blocks, unpowered buildings, or Contaminate may cause inaccurate times.
  • Supply counts are checked every 10 seconds.